 Dungeon Crawl Stone Soup version 0.29-a0-284-gf9362112df (webtiles) character file.

Game seed: 5658787647858875589

31 spaghetti the Magician (level 3, -1/27 HPs)
             Began as a Djinni Arcane Marksman on Mar 26, 2022.
             Slain by Terence
             ... wielding a +0 flail
              (8 damage)
             ... on level 1 of the Dungeon.
             The game lasted 00:03:12 (1344 turns).

spaghetti the Magician (Djinni Arcane Marksman)     Turns: 1344, Time: 00:03:12

Health: -1/27      AC:  2    Str:  9    XL:     3   Next: 40%
Gold:   81         EV: 12    Int: 16    God:
                   SH:  0    Dex: 13

rFire   + + .      SeeInvis .   a - +0 hand crossbow {crossbow}
rCold   x . .      Faith    .   (no shield)
rNeg    . . .      Spirit   .   b - +0 robe
rPois   ∞          Reflect  .   (no helmet)
rElec   .          Harm     .   (no cloak)
rCorr   .          Rampage  .   (no gloves)
Will    .....                   (boots unavailable)
Stlth   +.........              (no amulet)
HPRegen 0.09/turn               j - ring of wizardry
MPRegen 0.00/turn               (no ring)

@: flying
A: sickness immunity, fire resistance 2, cold vulnerability 1, float, innate
caster, HP casting, extra vitality 1
a: no special abilities


You were on level 1 of the Dungeon.
You visited 1 branch of the dungeon, and saw 2 of its levels.

You collected 81 gold pieces.


Innate Abilities, Weirdness & Mutations

You are immune to sickness and miasma.
You are immune to poison.
Your flesh is very heat resistant. (rF++)
You are vulnerable to cold. (rC-)
You float through the air rather than walking.
You learn spells naturally, not from books.
Your magical power is your life essence.
You have superior vitality. (+4 MHP)


   Skills:
 - Level 1.0 Fighting
 - Level 2.5 Crossbows
 - Level 2.1 Dodging
 + Level 2.7 Spellcasting


You couldn't memorise any spells.
You knew the following spells:

 Your Spells              Type           Power      Damage    Failure   Level
a - Slow                  Hex            44%        N/A       2%          1
b - Inner Flame           Hex/Fire       11%        N/A       8%          3
c - Portal Projectile     Hex/Tloc       22%        N/A       8%          3
d - Cause Fear            Hex            5%         N/A       24%         4
e - Animate Skeleton      Necr           22%        N/A       2%          1
Your spell library was empty.

Inventory:

Hand Weapons
 a - a +0 hand crossbow (weapon) {crossbow}
 g - a +1 hand axe of flaming {axe}
   (You found it on level 1 of the Dungeon)
Missiles
 d - 69 stones {throwing}
Armour
 b - a +0 robe (worn)
Magical Staves
 e - a staff of earth {!astaff}
   (You found it on level 1 of the Dungeon)
Jewellery
 j - a ring of wizardry (left hand)
   (You found it on level 1 of the Dungeon)
Scrolls
 c - 2 scrolls of vulnerability {!r!r}
 f - 4 scrolls of identify {unknown}
 h - a scroll of magic mapping {unknown}
Potions
 i - a potion of flight {unknown}
 k - a potion of degeneration {unknown}

Dungeon Overview and Level Annotations

Branches:
Dungeon (2/15)

Altars:

Annotations:
D:1 Terence

######### #.......#
############
###'#####.##########..........#
........#.##....@.....#######.#
......#.#.##...@......# #.#
........#.##..........#######.#
...........+..........'......>#
..........##..........#########
......................#
..................#..##
.....................##########
..............................#


You could see Terence.


Message History

Press: ? - help, Shift-Dir - straight line, f/p - Terence
Aim: Terence, wielding a +0 flail and wearing a +0 scale mail (heavily wounded, chance to affect: 58%) Terence seems to slow down.
Terence closely misses you. 😮 HP[-1]
You take 1 damage, and now have 18/27 hp. 😮 HP[+1] Shoot: a) +0 hand crossbow {crossbow}
Press: ? - help, Q - select action, (/) - cycle Shift-Dir - straight line, f/p - Terence
Aim: Terence, wielding a +0 flail and wearing a +0 scale mail (heavily wounded, slow, 63% to hit)
You shoot a bolt.
The bolt hits Terence but does no damage.
Terence is no longer moving slowly.
Shoot: a) +0 hand crossbow {crossbow}
Press: ? - help, Q - select action, (/) - cycle Shift-Dir - straight line, f/p - Terence
Aim: Terence, wielding a +0 flail and wearing a +0 scale mail (heavily wounded, 63% to hit)
You shoot a bolt.
The bolt hits Terence. 😮 HP[+1] Shoot: a) +0 hand crossbow {crossbow}
Press: ? - help, Q - select action, (/) - cycle Shift-Dir - straight line, f/p - Terence
Aim: Terence, wielding a +0 flail and wearing a +0 scale mail (severely wounded, 63% to hit)
You shoot a bolt. The bolt hits Terence.
Shoot: a) +0 hand crossbow {crossbow}
Press: ? - help, Q - select action, (/) - cycle Shift-Dir - straight line, f/p - Terence
Aim: Terence, wielding a +0 flail and wearing a +0 scale mail (severely wounded, 63% to hit)
You shoot a bolt. The bolt completely misses Terence.
Terence looks scornfully at you.
Terence hits you with a +0 flail. 😮 HP[-4]
You take 4 damage, and now have 16/27 hp.
Casting: Slow (safe; 2% risk of failure)
Confirm with . or Enter, or press ? or * to list all spells.
Aiming: Slow (safe; 2% risk of failure)
Press: ? - help, Shift-Dir - straight line, f/p - Terence
Aim: Terence, wielding a +0 flail and wearing a +0 scale mail (severely wounded, chance to affect: 58%) Terence resists with significant effort.
Terence hits you with a +0 flail!
* * * LOW HITPOINT WARNING * * *
😨 HP[-8]
You take 8 damage, and now have 8/27 hp.
MASSIVE DAMAGE!! (PAUSE)
Casting: Slow (safe; 2% risk of failure)
Confirm with . or Enter, or press ? or * to list all spells.
Aiming: Slow (safe; 2% risk of failure)
Press: ? - help, Shift-Dir - straight line, f/p - Terence
Aim: Terence, wielding a +0 flail and wearing a +0 scale mail (severely wounded, chance to affect: 58%) Terence seems to slow down.
* * * LOW HITPOINT WARNING * * *
😨 HP[-1]
You take 1 damage, and now have 7/27 hp. 😨 HP[+1] Shoot: a) +0 hand crossbow {crossbow}
Press: ? - help, Q - select action, (/) - cycle Shift-Dir - straight line, f - you That would be overly suicidal.
Okay, then.
Terence is no longer moving slowly.
Shoot: a) +0 hand crossbow {crossbow}
Press: ? - help, Q - select action, (/) - cycle Shift-Dir - straight line, f - Terence
Aim: Terence, wielding a +0 flail and wearing a +0 scale mail (severely wounded, 63% to hit)
You shoot a bolt.
The bolt barely misses Terence. 😨 HP[+1] Shoot: a) +0 hand crossbow {crossbow}
Press: ? - help, Q - select action, (/) - cycle Shift-Dir - straight line, f/p - Terence
Aim: Terence, wielding a +0 flail and wearing a +0 scale mail (severely wounded, 63% to hit)
You shoot a bolt. The bolt barely misses Terence.
Shoot: a) +0 hand crossbow {crossbow}
Press: ? - help, Q - select action, (/) - cycle Shift-Dir - straight line, f/p - Terence
Aim: Terence, wielding a +0 flail and wearing a +0 scale mail (severely wounded, 63% to hit)
You shoot a bolt.
The bolt hits Terence but does no damage.
Casting: Slow (safe; 2% risk of failure)
Confirm with . or Enter, or press ? or * to list all spells.
Aiming: Slow (safe; 2% risk of failure)
Press: ? - help, Shift-Dir - straight line, f/p - Terence
Aim: Terence, wielding a +0 flail and wearing a +0 scale mail (severely wounded, chance to affect: 58%) Terence seems to slow down.
* * * LOW HITPOINT WARNING * * *
Terence hits you with a +0 flail.
* * * LOW HITPOINT WARNING * * *
😱 HP[-4]
You take 4 damage, and now have 5/27 hp. 😱 HP[+1] Shoot: a) +0 hand crossbow {crossbow}
Press: ? - help, Q - select action, (/) - cycle Shift-Dir - straight line, f/p - Terence
Aim: Terence, wielding a +0 flail and wearing a +0 scale mail (severely wounded, slow, 63% to hit)
You shoot a bolt. The bolt hits Terence.
Shoot: a) +0 hand crossbow {crossbow}
Press: ? - help, Q - select action, (/) - cycle Shift-Dir - straight line, f/p - Terence
Aim: Terence, wielding a +0 flail and wearing a +0 scale mail (almost dead, slow, 63% to hit)
You shoot a bolt. The bolt closely misses Terence.
Shoot: a) +0 hand crossbow {crossbow}
Press: ? - help, Q - select action, (/) - cycle Shift-Dir - straight line, f/p - Terence
Aim: Terence, wielding a +0 flail and wearing a +0 scale mail (almost dead, slow, 63% to hit)
You shoot a bolt. The bolt closely misses Terence.
Terence is no longer moving slowly.
Shoot: a) +0 hand crossbow {crossbow}
Press: ? - help, Q - select action, (/) - cycle Shift-Dir - straight line, f/p - Terence
Aim: Terence, wielding a +0 flail and wearing a +0 scale mail (almost dead, 63% to hit)
You shoot a bolt. The bolt closely misses Terence.
Terence hits you with a +0 flail!
You die...

Skill      XL: |  1 |
---------------+----+-----
Crossbows      | 2 |  2.5
Fighting       | |  1.0
Dodging        | |  2.1
Spellcasting   | |  2.7

Action                   || total
-------------------------++-------
 Fire: Hand crossbow     ||   107
 Cast: Slow              ||    19
Armor: Robe              ||     8
Dodge: Dodged            ||    34

Levels and vault maps discovered:
D:1:      shiori_arrival_maze, layout_basic, ebering_ecumenical_altar_rust
D:2:      layout_basic, basic_altar, uniq_jessica, uniq_terence

Notes
Turn   | Place    | Note
-------+----------+-------------------------------------------
     0 | D:1      | spaghetti the Djinni Arcane Marksman began the quest for
                  | the Orb.
     0 | D:1      | Reached XP level 1. HP: 17/17 MP: 0/0
     0 | D:1      | magus.rc [v1.9.6]
    21 | D:1      | Found a faded altar of an unknown god.
   358 | D:1      | Reached skill level 2 in Crossbows
   362 | D:1      | Reached XP level 2. HP: 22/22 MP: 0/0
   615 | D:1      | Reached XP level 3. HP: 22/27 MP: 0/0
   615 | D:1      | Learned a level 1 spell: Animate Skeleton
   923 | D:2      | Noticed Terence
   958 | D:1      | HP: 1/27 [Terence/+0 flail (5)]
  1009 | D:2      | HP: 4/27 [giant cockroach (2)]
  1329 | D:1      | HP: 5/27 [Terence/+0 flail (3)]
  1344 | D:1      | Slain by Terence

Vanquished Creatures
  4 endoplasms (D:1)
  2 giant cockroaches
  2 goblins (D:1)
  3 hobgoblins
  4 jackals (D:1)
  A quokka (D:1)
  4 ball pythons (D:1)
  2 frilled lizards (D:1)
  5 kobolds (D:1)
27 creatures vanquished.

Table legend:
 A = Non-vault XP
 B = Vault XP
 C = Vault XP percentage of total XP
 D = Non-vault monster count
 E = Vault monster count
 F = Vault count percentage of total count
                 A         B        C        D         E       F
            +---------+---------+-------+---------+---------+-------
      Total |      41 |       4 |   8.9 |      25 |       2 |   7.4
            +---------+---------+-------+---------+---------+-------
        D:1 |      37 |       4 |   9.8 |      23 |       2 |   8.0
        D:2 |       4 |       0 |   0.0 |       2 |       0 |   0.0
            +---------+---------+-------+---------+---------+-------

Illustrated notes

Table legend:
 A = Kills in this place as a percentage of kills in entire the game.
 B = Kills by you in this place as a percentage of kills by you in the entire game.
 C = Kills by friends in this place as a percentage of kills by friends in the entire game.
 D = Other kills in this place as a percentage of other kills in the entire game.
 E = Experience gained in this place as a percentage of experience gained in the entire game.
 F = Experience gained in this place divided by the number of levels of this place that you have seen.
                   A       B       C       D       E      F
               +-------+-------+-------+-------+-------+----------------------
         Total | 100.0 | 100.0 |   N/A |   N/A | 100.0 |  22.5
       Dungeon | 100.0 | 100.0 |   N/A |   N/A | 100.0 |  22.5
               +-------+-------+-------+-------+-------+----------------------

Table legend: (Time is in decaauts)
 A = Elapsed time spent in this place.
 B = Non-inter-level travel time spent in this place.
 C = Inter-level travel time spent in this place.
 D = Time resting spent in this place.
 E = Time spent auto-exploring this place.
 F = Levels seen in this place.
 G = Mean time per level.
                   A        B        C        D        E       F      G
               +--------+--------+--------+--------+--------+-----+--------+
         Total |   1385 |   1363 |     22 |    394 |    624 |   2 |  692.5 |
       Dungeon |   1385 |   1363 |     22 |    394 |    624 |   2 |  692.5 |
               +--------+--------+--------+--------+--------+-----+--------+

Top non-repeatable levels by time:
     D:1: 1091 daAuts
     D:2: 294 daAuts
